 Dungeon Crawl Stone Soup version 0.30.2 (webtiles) character file.

Game seed: 4394287470994678175

65 porpoise the Sneak (level 4, -3/23 HPs)
             Began as a Vine Stalker Brigand on Feb 16, 2024.
             Slain by Grinder (4 damage)
             ... on level 3 of the Dungeon.
             The game lasted 00:06:54 (1726 turns).

porpoise the Sneak (Vine Stalker Brigand)           Turns: 1726, Time: 00:06:55

Health: -3/23      AC:  3    Str: 14    XL:     4   Next: 13%
Magic:  0/5        EV: 12    Int: 11    God:
Gold:   104        SH:  0    Dex: 17    Spells: 3/3 levels left

rFire   . . .        a - +2 dagger
rCold   + . .        (no shield)
rNeg    . . .        b - +0 robe
rPois   .            (no helmet)
rElec   .            g - +0 cloak
rCorr   .            (no gloves)
SInv    .            (no boots)
Will    .....        (no amulet)
Stlth   +++          m - ring of protection from cold
HPRegen 1.03/turn    (no ring)
MPRegen 0.09/turn

%: guardian spirit
@: no status effects
A: fangs 2, regeneration 1, magic shield, antimagic bite, no potion heal 2
a: no special abilities


You were on level 3 of the Dungeon.
You visited 1 branch of the dungeon, and saw 3 of its levels.

You collected 104 gold pieces.

Inventory:

Hand Weapons
 a - a +2 dagger (weapon)
 j - the +7 whip of Solemn Defence {antimagic, rElec rF+ rN+ Str+3}
   (You found it on level 2 of the Dungeon)

   Str:       It affects your strength (+3).
   rF:        It protects you from fire.
   rElec:     It insulates you from electricity.
   rN:        It protects you from negative energy.
 w - the +0 dagger of Incongruity {flame, rN+ rCorr Int+3 Dex-4}
   (You found it on level 2 of the Dungeon)

   Int:       It affects your intelligence (+3).
   Dex:       It affects your dexterity (-4).
   rN:        It protects you from negative energy.
   rCorr:     It protects you from acid and corrosion.
Missiles
 d - 9 poisoned darts (quivered)
Armour
 b - a +0 robe (worn)
 c - a +0 cloak
 g - a +0 cloak (worn)
Jewellery
 f - an amulet of faith
 m - a ring of protection from cold (left hand)
Wands
 B - a wand of polymorph (7)
Scrolls
 h - 3 scrolls of identify {unknown}
 i - a scroll of enchant armour {unknown}
 l - a scroll of magic mapping {unknown}
 q - 3 scrolls of acquirement {unknown}
 r - a scroll of vulnerability {unknown}
 s - 2 scrolls of enchant weapon {unknown}
 u - a scroll of amnesia {unknown}
 v - a scroll of teleportation {unknown}
 y - a scroll of silence {unknown}
 A - a scroll of poison {unknown}
Potions
 k - a potion of brilliance {unknown}
 n - 2 potions of curing {unknown}
 o - a potion of heal wounds {unknown}
 p - 2 potions of flight {unknown}
 t - a potion of magic {unknown}
 x - a potion of might {unknown}
 z - a potion of mutation {unknown}


   Skills:
 + Level 2.4 Fighting
 + Level 2.4 Short Blades
 - Level 2.2 Throwing
 - Level 1.3 Dodging
 + Level 5.3 Stealth


You had 3 spell levels left.
You didn't know any spells.
Your spell library contained the following spells:

 Spells                   Type           Power      Damage    Failure   Level
 Apportation              Tloc           0%         N/A       34%         1
 Necrotise                Necr           0%         1d4       34%         1
 Summon Small Mammal      Summ           0%         N/A       34%         1


Dungeon Overview and Level Annotations

Branches:
Dungeon (3/15)

Altars:

Annotations:
D:3 Grinder


Innate Abilities, Weirdness & Mutations

You have extremely sharp teeth.
Your natural rate of healing is unusually fast.
When hurt, damage is shared between your health and your magic reserves.
Your bite disrupts and absorbs the magic of your enemies.
Potions cannot restore your health.


Message History

Grinder is moderately wounded.
Grinder barely misses you.
You hit Grinder but do no damage. Your bite misses Grinder.
Grinder is moderately wounded.
Grinder hits you.
You writhe in agony.
You hit Grinder. Your bite misses Grinder.
Grinder is moderately wounded.
Grinder closely misses you.
You hit Grinder but do no damage. Your bite misses Grinder.
Grinder is moderately wounded.
Grinder falters for a moment.
You hit Grinder. You bite Grinder, but do no damage.
Grinder is moderately wounded.
You hit Grinder. You bite Grinder.
Grinder's magic leaks into the air.
You drain her magic.
You feel invigorated.
Grinder is heavily wounded.
Grinder falters for a moment.
You hit Grinder but do no damage.
Grinder is heavily wounded.
Grinder hits you!
You writhe in agony.
You hit Grinder. You bite Grinder.
Grinder's magic leaks into the air.
You drain her magic.
You feel invigorated.
Grinder is severely wounded.
Grinder falters for a moment.
You hit Grinder.
Grinder is severely wounded.
Grinder barely misses you.
You hit Grinder.
Grinder is severely wounded.
Grinder barely misses you.
You barely miss Grinder. Your bite misses Grinder.
Grinder is severely wounded.
Grinder hits you!
You writhe in agony.
* * * LOW HITPOINT WARNING * * *
You hit Grinder but do no damage. Your bite misses Grinder.
Grinder is severely wounded.
Grinder hits you.
* * * LOW HITPOINT WARNING * * *
You writhe in agony.
You die...

..( .(. (.
.. .# # .#
....#####5##
#.....@..#
#..#####.#
... # #


You could see Grinder (magic disrupted).

Vanquished Creatures
  An adder (D:2)
  A gnoll (D:1)
  A worm (D:2)
  8 endoplasms
  2 giant cockroaches
  3 goblins
  5 hobgoblins
  4 jackals (D:1)
  2 quokkas (D:2)
  5 ball pythons
  3 frilled lizards
  2 kobolds (D:1)
  2 rats (D:1)
39 creatures vanquished.

Notes
Turn   | Place    | Note
-------+----------+-------------------------------------------
     0 | D:1      | porpoise the Vine Stalker Brigand began the quest for the
                  | Orb.
     0 | D:1      | Reached XP level 1. HP: 11/11 MP: 2/2
   256 | D:1      | You fall into a shaft and drop 1 floor!
   294 | D:2      | Reached skill level 1 in Dodging
   294 | D:2      | Reached XP level 2. HP: 13/15 MP: 3/3
   297 | D:2      | Reached skill level 5 in Stealth
   338 | D:2      | Identified the +7 whip of Solemn Defence {antimagic, rElec
                  | rF+ rN+ Str+3}
   447 | D:2      | Reached XP level 3. HP: 18/18 MP: 4/4
  1265 | D:2      | Gained mutation: Your natural rate of healing is unusually
                  | fast. [Vine Stalker growth]
  1265 | D:2      | Reached XP level 4. HP: 23/23 MP: 5/5
  1403 | D:2      | Identified the +0 dagger of Incongruity {flame, rN+ rCorr
                  | Int+3 Dex-4}
  1694 | D:3      | Noticed Grinder
  1726 | D:3      | HP: 1/23 [Grinder (3)]
  1726 | D:3      | Slain by Grinder

Illustrated notes

Levels and vault maps discovered:
D:1:      tarquinn_simple_flora_water_d, layout_loops_ring, minmay_distorted
D:2:      layout_basic, minmay_tetromino_i4
D:3:      layout_loops_corners, mainiacjoe_overflow_boulevard,
          gammafunk_temple_overflow_wave, uniq_sigmund, uniq_grinder

Skill      XL: |  1  2 |
---------------+-------+-----
Dodging        | 1 |  1.3
Stealth        | 5 |  5.3
Fighting       | 2 |  2.4
Short Blades   | 2 |  2.4
Throwing       | 2 |  2.2

Action                     |  1- 3 |  4- 6 || total
---------------------------+-------+-------++-------
  Melee: Dagger            |    77 |    38 ||   115
         Bite              |    14 |    11 ||    25
         Punch             |     2 |       ||     2
  Throw: Dart              |    22 |     3 ||    25
   Stab: Sleeping          |     7 |     1 ||     8
 Armour: Robe              |     9 |     4 ||    13
  Dodge: Dodged            |    34 |    15 ||    49
